 Dungeon Crawl Stone Soup version 0.26-b1-32-g5d43845318 (webtiles) character file.

Game seed: 11681107677187453895

1094 Borgoz the Skirmisher (level 8, -1/69 HPs)
             Began as a Ghoul Gladiator on Jan 13, 2021.
             Was a Follower of Okawaru.
             Slain by skk's ghost (11 damage)
             ... on level 5 of the Dungeon.
             The game lasted 00:05:34 (5287 turns).

Borgoz the Skirmisher (Ghoul Gladiator)             Turns: 5287, Time: 00:05:34

Health: -1/69      AC: 14    Str: 18    XL:     8   Next: 31%
Magic:  7/7        EV: 13    Int:  3    God:    Okawaru [*.....]
Gold:   291        SH:  0    Dex: 12    Spells: 7/7 levels left

rFire    . . .     SeeInvis +   y - +0 morningstar (protect)
rCold    + . .     Faith    .   (no shield)
rNeg     + + +     Spirit   .   r - +0 ring mail
rPois    ∞         Reflect  .   a - +2 hat
rElec    .         Harm     .   s - +0 cloak
rCorr    .         Rampage  .   (no gloves)
Will     .....                  z - +0 pair of boots
Stlth    +.........             (no amulet)
HPRegen  0.00/turn              b - +4 ring of protection
MPRegen  0.10/turn              K - ring of see invisible

@: mighty
A: claws 1, cold resistance 1, negative energy resistance 3, inhibited
regeneration, torment resistance, unbreathing
a: Renounce Religion, Heroism


You were on level 5 of the Dungeon.
You worshipped Okawaru.
Okawaru was aware of your devotion.
You visited 2 branches of the dungeon, and saw 6 of its levels.

You collected 291 gold pieces.

Inventory:

Hand Weapons
 y - a +0 morningstar of protection (weapon)
 H - the +3 spear of the Fray {vorpal, rF+ Int+2, unknown}
   (You found it on level 5 of the Dungeon)

   It inflicts extra damage upon your enemies.
   It affects your intelligence (+2).
   It protects you from fire.
Missiles
 d - 3 throwing nets (quivered)
Armour
 a - a +2 hat (worn)
 r - a +0 ring mail (worn)
 s - a +0 cloak (worn)
 z - a +0 pair of boots (worn)
Jewellery
 b - a +4 ring of protection (left claw)
 K - a ring of see invisible (right claw)
Wands
 D - a wand of acid (5)
 F - a wand of flame (24)
Scrolls
 f - 4 scrolls of identify {unknown}
 g - 2 scrolls of fog {unknown}
 h - a scroll of magic mapping {unknown}
 j - 3 scrolls of amnesia {unknown}
 m - 3 scrolls of teleportation
 n - 2 scrolls of fear {unknown}
 u - 7 scrolls of remove curse
 w - a scroll of immolation {unknown}
 x - a scroll of enchant weapon {unknown}
 B - a scroll of blinking {unknown}
 C - a scroll of noise {unknown}
 E - a scroll of enchant armour {unknown}
 J - a scroll of vulnerability {unknown}
Potions
 i - a potion of ambrosia {unknown}
 k - 3 potions of degeneration {unknown}
 l - 2 potions of heal wounds {unknown}
 o - a potion of lignification {unknown}
 p - a potion of experience {unknown}
 q - 3 potions of haste {unknown}
 t - a potion of flight {unknown}
 G - a potion of magic {unknown}
 I - a potion of mutation {unknown}


   Skills:
 * Level 5.6 Fighting
 * Level 5.1 Maces & Flails
 - Level 1.7 Throwing
 * Level 4.0 Armour
 * Level 5.1 Dodging


You had 7 spell levels left.
You didn't know any spells.
Your spell library was empty.

Dungeon Overview and Level Annotations

Branches:
Dungeon (5/15)             Temple (1/1) D:5

Altars:
Ashenzari
Cheibriados
Elyvilon
Fedhas
Hepliaklqana
Makhleb
Okawaru
Qazlal
Ru
Uskayaw
Vehumet
Wu Jian
Xom
Yredelemnul
Zin
The Shining One

Annotations:
D:5 skk's ghost, novice FoFi


Innate Abilities, Weirdness & Mutations

You thrive by killing the living.
You are immune to poison.
You have sharp fingernails.
Your flesh is cold resistant. (rC+)
You are immune to negative energy. (rN+++)
You do not regenerate when monsters are visible.
You are immune to unholy pain and torment.
You can survive without breathing.


Message History

Skk's ghost misses you.
You closely miss skk's ghost.
Skk's ghost is severely damaged.
Skk's ghost closely misses you.
You feel better. Skk's ghost hits you.
You are electrocuted!!
* * * LOW HITPOINT WARNING * * *
You feel better. Skk's ghost closely misses you.
You feel better. Skk's ghost hits you!
* * * LOW HITPOINT WARNING * * *
You are electrocuted!
* * * LOW HITPOINT WARNING * * *
You feel better. Skk's ghost closely misses you.
You feel better. Skk's ghost misses you.
You feel better.
Skk's ghost hits you but does no damage.
You are electrocuted!
* * * LOW HITPOINT WARNING * * *
You feel very mighty all of a sudden. Skk's ghost hits you!
You die...

##..##⌠##......########
#(.##...##.....#..###..
#.##.....##....'..#....
#.#⌠.!♣!.⌠#....#..#....
#.##.....##....#..#....
#..##...##.....######..
##..##.##..#........###
##..#W#..##........#
##..@..###........#
####### #........#
#........# #........#
#####....# #....#
#....# #....# #....#


You could see skk's ghost.

Vanquished Creatures
  A phantom (D:4)
  4 ogres
  4 wights (D:5)
  A jelly (D:5)
  An orc priest (D:5)
  2 orc wizards
  3 worker ants
  A killer bee zombie (D:5)
  A hound zombie (D:5)
  4 adders
  9 gnolls
  A worker ant zombie (D:5)
  2 white imps (D:5)
  2 oozes
  4 worms
  3 dart slugs
  6 leopard geckos
  11 orcs
  5 giant cockroaches
  7 goblins
  12 hobgoblins
  7 jackals
  A quokka (D:2)
  9 bats
  8 frilled lizards
  10 kobolds
  7 rats
126 creatures vanquished.

Notes
Turn   | Place    | Note
-------+----------+-------------------------------------------
     0 | D:1      | Borgoz the Ghoul Gladiator began the quest for the Orb.
     0 | D:1      | Reached XP level 1. HP: 17/17 MP: 0/0
   187 | D:1      | Reached XP level 2. HP: 25/25 MP: 1/1
   512 | D:1      | Reached XP level 3. HP: 29/30 MP: 2/2
   617 | D:1      | Reached skill level 1 in Armour
   869 | D:2      | Reached XP level 4. HP: 38/38 MP: 3/3
  1358 | D:2      | Noticed a +0 hand axe
  1358 | D:2      | Noticed a +0 dagger
  1390 | D:2      | Found a hide-covered altar of Uskayaw.
  1743 | D:2      | Found a basalt altar of Yredelemnul.
  1800 | D:2      | Found a white marble altar of Elyvilon.
  2154 | D:3      | Found a sacrificial altar of Ru.
  2159 | D:3      | Reached XP level 5. HP: 45/45 MP: 4/4
  2644 | D:3      | Found a sacrificial altar of Ru.
  3101 | D:4      | Noticed a phantom
  3126 | D:4      | Killed a phantom
  3127 | D:4      | Reached XP level 6. HP: 48/52 MP: 5/5
  3518 | D:4      | Reached XP level 7. HP: 52/60 MP: 6/6
  4050 | D:5      | Entered Level 5 of the Dungeon
  4050 | D:5      | Found a staircase to the Ecumenical Temple.
  4050 | D:5      | Noticed skk's ghost (novice FoFi)
  4057 | D:5      | Found an iron altar of Okawaru.
  4084 | D:5      | Became a worshipper of Warmaster Okawaru
  4112 | D:5      | Got a twisted spear
  4211 | D:5      | Reached skill level 5 in Fighting
  4410 | D:5      | Reached XP level 8. HP: 32/68 MP: 7/7
  4597 | D:5      | Reached * piety under Okawaru
  4625 | D:5      | Reached skill level 5 in Maces & Flails
  4625 | D:5      | Reached skill level 5 in Dodging
  4818 | D:5      | Found a glowing silver altar of Zin.
  4948 | D:5      | Found a runed translucent door.
  5005 | Temple   | Entered the Ecumenical Temple
  5283 | D:5      | HP: 3/69 [skk's ghost (8)]
  5287 | D:5      | Slain by skk's ghost

Illustrated notes

Levels and vault maps discovered:
D:1:      minmay_arrival_semitransparent, layout_rooms
D:2:      wad_river_or_something, layout_loops_cross, kennysheep_ying_yang,
          dancing_weapons_uskayaw, minmay_pentomino_z4
D:3:      layout_basic, old_standard_altar, nicolae_ru_sacrificial_ziggurat
D:4:      layout_gridville, kennysheep_small_spiral,
          minmay_fractal_squares_diagonal_5
D:5:      layout_gridville, zin_statuary, okawaru_ov_weapons_minmay,
          temple_statues, hellmonk_ghost_happy_afterlife, st_stairs_9
Temple:   dpeg_chambers_temple

Skill      XL: |  1  2  3  4  5  6  7  8 |
---------------+-------------------------+-----
Maces & Flails | 3 4 5 |  5.1
Dodging        | 3 4 5 |  5.1
Armour         | 1 2 3 4 |  4.0
Fighting       | 3 4 5 |  5.6
Throwing       | |  1.7

Action                   |  1- 3 |  4- 6 |  7- 9 || total
-------------------------+-------+-------+-------++-------
Melee: Flail             |   127 |   132 |       ||   259
       Morningstar       |       |    94 |   135 ||   229
  Use: Potion            |       |       |     8 ||     8
       Scroll            |       |       |     2 ||     2
Armor: Leather armour    |    37 |    23 |       ||    60
       Ring mail         |       |   105 |    79 ||   184
Dodge: Dodged            |   107 |   162 |   122 ||   391
